 Dungeon Crawl Stone Soup version 0.26-a0-388-gf3277c4969 (webtiles) character file.

Game seed: 5592490538476763966

2284 BeastOfSaturn the Merchant of Misery (level 9, -3/94 HPs)
             Began as a Demonspawn Necromancer on July 21, 2020.
             Was a Believer of Kikubaaqudgha.
             Slain by an ice beast (12 damage)
             ... on level 8 of the Dungeon.
             The game lasted 00:29:14 (8788 turns).

BeastOfSaturn the Merchant of Misery (DsNe)         Turns: 8788, Time: 00:29:17

Health: -3/94      AC: 24    Str: 12    XL:     9   Next: 17%
Magic:  8/13       EV:  2    Int: 16    God:    Kikubaaqudgha [**....]
Gold:   420        SH:  0    Dex: 20    Spells: 0/14 levels left

rFire    . . .     SeeInvis .   y - +0 trident
rCold    . . .     Faith    +   (no shield)
rNeg     + + +     Spirit   .   (armour currently unavailable)
rPois    +         Reflect  .   (helmet currently unavailable)
rElec    .         Harm     .   (cloak currently unavailable)
rCorr    .         NoTele   +   (gloves currently unavailable)
MR       .....                  (boots currently unavailable)
Stlth    ++........             u - amulet of faith
HPRegen  0.25/turn              C - +6 ring of dexterity
MPRegen  0.13/turn              s - +4 ring of evasion

@: mighty, tree-form (expiring)
A: no striking features
a: Receive Corpses, Renounce Religion


You were on level 8 of the Dungeon.
You worshipped Kikubaaqudgha.
Kikubaaqudgha was pleased with you.
You were a tree.
You visited 2 branches of the dungeon, and saw 9 of its levels.

You collected 420 gold pieces.

Inventory:

Hand Weapons
 f - a +0 whip of venom
 k - a +1 quarterstaff of speed
 y - a +0 trident (weapon)
Armour
 a - a +0 robe (melded)
 e - a +1 pair of boots (melded)
 D - a +0 helmet (melded)
Jewellery
 l - an uncursed ring of resist corrosion
 s - a +4 ring of evasion (right branch)
 u - an amulet of faith (around neck)
 C - a +6 ring of dexterity (left branch)
Wands
 o - a wand of paralysis (15)
 r - a wand of random effects (9)
 x - a wand of clouds (9)
 z - a wand of flame (17)
Scrolls
 d - 4 scrolls of remove curse
 h - 6 scrolls of identify
 i - 6 scrolls of teleportation
 q - a scroll of magic mapping
 t - 2 scrolls of enchant armour
 w - a scroll of fear
 A - 4 scrolls of enchant weapon {unknown}
 B - a scroll of blinking {unknown}
 G - a scroll of amnesia {unknown}
Potions
 c - a potion of might
 g - 2 potions of brilliance {unknown}
 j - a potion of degeneration {unknown}
 m - 2 potions of curing {unknown}
 n - 3 potions of cancellation {unknown}
 p - 3 potions of heal wounds {unknown}
 v - a potion of resistance {unknown}
 E - a potion of ambrosia {unknown}
 F - 2 potions of haste {unknown}


   Skills:
 - Level 3.0 Fighting
 * Level 5.9(7.1) Polearms
 - Level 6.0(7.1) Staves
 * Level 3.3 Armour
 - Level 2.0 Dodging
 - Level 1.7 Stealth
 - Level 3.0 Spellcasting
 * Level 7.1 Necromancy


You couldn't memorise any spells.
You knew the following spells:

 Your Spells              Type           Power        Failure   Level
a - Pain                  Necr           ####         1%          1
b - Animate Skeleton      Necr           ####..       1%          1
c - Vampiric Draining     Necr           ####......   3%          3
d - Animate Dead          Necr           ####......   10%         4
e - Agony                 Necr           ####....     28%         5

Your spell library contained the following spells:

 Spells                   Type           Power        Failure   Level
 Sublimation of Blood     Necr           ####......   1%          2
 Corpse Rot               Necr/Air       N/A          7%          2
 Shock                    Conj/Air       #...         19%         1
 Swiftness                Air            #.......     28%         2
 Confusing Touch          Hex            #.......     50%         3
 Gell's Gravitas          Tloc           #.........   50%         3
 Static Discharge         Conj/Air       #.......     50%         3
 Airstrike                Air            #.........   88%         4
 Petrify                  Tmut/Erth      #.......     88%         4
 Lightning Bolt           Conj/Air       #.........   99%         5
 Metabolic Englaciation   Hex/Ice        #.........   99%         5
 Yara's Violent Unravell  Hex/Tmut       #.........   99%         5


Dungeon Overview and Level Annotations

Branches:
Dungeon (8/15)             Temple (1/1) D:4
   Lair: D:8-11

Altars:
Ashenzari
Cheibriados
Dithmenos
Elyvilon
Fedhas
Gozag
Hepliaklqana
Kikubaaqudgha
Makhleb
Nemelex Xobeh
Okawaru
Qazlal
Ru
Sif Muna
Trog
Uskayaw
Vehumet
Wu Jian
Xom
Yredelemnul
Zin
The Shining One

Shops:
D:8 [

Annotations:
D:3 2 transporters, Tensor's ghost, amateur HuIE
D:4 Menkaure
D:8 Grum; Harold


Innate Abilities, Weirdness & Mutations

((You have hoof-like feet.))
((You are mostly covered in yellow scales. (AC +3)))


Message History

Something hits you but does no damage.
You hit something. Kikubaaqudgha accepts your kill.
Reactivating autopickup.
You feel a bit more experienced.
The ice beast hits you but does no damage.
Harold hits you but does no damage.
You puncture the ice beast!
The ice beast is heavily wounded.
The ice beast hits you but does no damage.
Harold hits you from afar with a cursed -1 halberd!
* * * LOW HITPOINT WARNING * * *
You closely miss the ice beast.
The ice beast is heavily wounded.
Your transformation is almost over.
The ice beast hits you.
* * * LOW HITPOINT WARNING * * *
The ice beast freezes you!
You die...
Kikubaaqudgha rasps: "You have failed me!
Welcome... death!"

.....
..........#...#.#...#
..zz.
...................##
...................#....##
#..........##.......#....#
.....###.......#..###
............####.#
..........# ###
........### .#..#..♣#
##.##Y†......# #
#..@....... ............
.............
........#......
.......##...... ......#
.....#


You could see Harold and an ice beast.

Vanquished Creatures
  A water moccasin (D:7)
  An ice beast (D:6)
  3 sky beasts
  2 phantoms
  2 ogres
  2 wolves (D:7)
  4 bullfrogs
  A scorpion (D:4)
  A water moccasin skeleton (D:4)
  A howler monkey (D:6)
  An electric eel (D:7)
  A centaur zombie (D:6)
  2 quasits
  A hound (D:5)
  7 orc priests
  2 bullfrog skeletons
  3 iguanas
  Ijyb (D:4)
  5 orc wizards
  2 worker ants
  12 adders
  3 shadow imps
  An ooze (D:2)
  An adder skeleton (D:5)
  2 worms
  2 dart slugs (D:1)
  8 leopard geckos
  17 orcs
  A ball python (D:3)
  5 bats
  5 giant cockroaches
  5 hobgoblins
  9 jackals
  3 quokkas
  5 frilled lizards
  7 goblins
  4 kobolds
  4 rats
137 creatures vanquished.

Vanquished Creatures (collateral kills)
  An orc (D:6)
1 creature vanquished.

Grand Total: 138 creatures vanquished

Notes
Turn   | Place    | Note
-------+----------+-------------------------------------------
     0 | D:1      | BeastOfSaturn the Demonspawn Necromancer began the quest
                  | for the Orb.
     0 | D:1      | Reached XP level 1. HP: 13/13 MP: 3/3
     2 | D:1      | Learned a level 1 spell: Animate Skeleton
   347 | D:1      | Gained mutation: You are partially covered in yellow
                  | scales. (AC +2) [demonic ancestry]
   347 | D:1      | Reached XP level 2. HP: 17/19 MP: 5/5
   730 | D:1      | Reached skill level 5 in Necromancy
   732 | D:1      | Reached XP level 3. HP: 20/25 MP: 4/6
   737 | D:1      | Learned a level 3 spell: Vampiric Draining
   750 | D:1      | Reached skill level 1 in Fighting
  1965 | D:3      | Found a transporter.
  1967 | D:3      | Noticed Tensor's ghost (amateur HuIE)
  1992 | D:3      | Found a faded altar of an unknown god.
  2021 | D:3      | Reached XP level 4. HP: 27/32 MP: 7/7
  2554 | D:3      | Reached skill level 1 in Staves
  2728 | D:3      | Gained mutation: You have large cloven feet. [demonic
                  | ancestry]
  2728 | D:3      | Reached XP level 5. HP: 37/37 MP: 7/9
  2905 | D:3      | Found a transporter.
  3403 | D:4      | Found a staircase to the Ecumenical Temple.
  3425 | D:4      | Gained mutation: You have hoof-like feet. [demonic
                  | ancestry]
  3425 | D:4      | Reached XP level 6. HP: 13/44 MP: 1/10
  3722 | D:4      | Learned a level 4 spell: Animate Dead
  3727 | Temple   | Entered the Ecumenical Temple
  3778 | Temple   | Became a worshipper of Kikubaaqudgha
  3856 | D:4      | Noticed Menkaure
  3867 | D:4      | HP: 2/44 [Menkaure/nerve-wracking pain (2)]
  4204 | D:4      | Reached skill level 6 in Necromancy
  4245 | D:4      | Noticed Ijyb
  4259 | D:4      | Killed Ijyb
  4477 | D:5      | Entered Level 5 of the Dungeon
  5080 | D:5      | Reached skill level 1 in Armour
  5080 | D:5      | Gained mutation: You are mostly covered in yellow scales.
                  | (AC +3) [demonic ancestry]
  5080 | D:5      | Reached XP level 7. HP: 50/50 MP: 11/11
  5478 | D:6      | Found an ornate altar of the Wu Jian Council.
  5550 | D:6      | Reached * piety under Kikubaaqudgha
  5550 | D:6      | Identified Kikubaaqudgha's Volume of Stolen Souls
                  | (Kikubaaqudgha gifted it to you on level 6 of the Dungeon)
  5550 | D:6      | Received a gift from Kikubaaqudgha
  5580 | D:6      | Reached skill level 5 in Staves
  5946 | D:6      | Reached XP level 8. HP: 44/56 MP: 10/12
  6193 | D:6      | Reached skill level 1 in Polearms
  6214 | D:6      | Reached skill level 7 in Necromancy
  7528 | D:7      | Reached ** piety under Kikubaaqudgha
  7654 | D:7      | Found a shimmering blue altar of Sif Muna.
  7687 | D:7      | Found a burning altar of Makhleb.
  8286 | D:7      | Reached skill level 5 in Polearms
  8443 | D:8      | Noticed Grum
  8461 | D:7      | Reached XP level 9. HP: 46/63 MP: 3/13
  8482 | D:7      | Learned a level 5 spell: Agony
  8670 | D:8      | Found Gualoz's Armour Shop.
  8683 | D:8      | Found a radiant altar of Vehumet.
  8764 | D:8      | Noticed Harold
  8788 | D:8      | Slain by an ice beast

Illustrated notes

Levels and vault maps discovered:
D:1:      sevenhm_arrival_forest_fort_small_3, layout_basic
D:2:      layout_basic
D:3:      layout_loops_ring, gammafunk_ghost_mausoleum,
          chequers_ecumenical_altar_simple
D:4:      layout_loops_cross, minmay_temple_entry_proselytizer,
          kennysheep_another_room, uniq_menkaure, uniq_ijyb
D:5:      layout_basic
D:6:      cheibrodos_iron_armory, layout_loops_ring, basic_altar
D:7:      layout_loops_cross, led_sif_pool, fountainhead, bloody_makhleb
D:8:      layout_cave_pools, basic_altar, serial_shops, nicolae_shop_waterfront,
          uniq_harold, uniq_grum
Temple:   dpeg_three_leaves_temple

Skill      XL: |  1  2  3  4  5  6  7  8 |
---------------+-------------------------+-----
Necromancy     | 5 6 7 |  7.1
Fighting       | 1 2 3 |  3.0
Dodging        | 2 |  2.0
Staves         | 1 2 4 6 |  6.0
Spellcasting   | 3 |  3.0
Armour         | 1 3 |  3.3
Polearms       | 5 |  5.9
Stealth        | |  1.7

Action                   |  1- 3 |  4- 6 |  7- 9 || total
-------------------------+-------+-------+-------++-------
Melee: Whip              |    65 |       |       ||    65
       Quarterstaff      |    15 |   196 |    89 ||   300
       Trident           |       |       |   252 ||   252
 Cast: Pain              |     8 |     2 |    14 ||    24
       Animate Skeleton  |     1 |     7 |     4 ||    12
       Vampiric Draining |       |     6 |    20 ||    26
       Animate Dead      |       |     1 |     4 ||     5
Evoke: Wand              |       |       |     2 ||     2
  Use: Scroll            |     5 |     1 |     1 ||     7
       Potion            |       |       |     3 ||     3
 Stab: Sleeping          |     3 |     4 |     4 ||    11
       Distracted        |       |       |     1 ||     1
Armor: Robe              |    28 |    45 |    84 ||   157
       Skin              |       |       |    69 ||    69
Dodge: Dodged            |    61 |    98 |   266 ||   425

Table legend: (Time is in decaauts)
 A = Elapsed time spent in this place.
 B = Non-inter-level travel time spent in this place.
 C = Inter-level travel time spent in this place.
 D = Time resting spent in this place.
 E = Time spent auto-exploring this place.
 F = Levels seen in this place.
 G = Mean time per level.
                   A        B        C        D        E       F      G
               +--------+--------+--------+--------+--------+-----+--------+
         Total |   8745 |   8548 |    197 |   1990 |   4707 |   9 |  971.7 |
       Dungeon |   8686 |   8489 |    197 |   1990 |   4707 |   8 | 1085.8 |
        Temple |     58 |     58 |      0 |      0 |      0 |   1 |   58.0 |
               +--------+--------+--------+--------+--------+-----+--------+
Top levels by time: D:7: 1693 daAuts D:3: 1554 daAuts D:6: 1522 daAuts D:1: 1220 daAuts D:5: 910 daAuts D:4: 884 daAuts D:2: 741 daAuts D:8: 159 daAuts Temple: 58 daAuts
